 Dungeon Crawl Stone Soup version 0.21-a0-278-ga722497 (webtiles) character file.

28854 4thArraOfDagon the Severer (level 13, 0/127 HPs)
             Began as a Demonspawn Berserker on Sept 21, 2017.
             Was an Elder of Trog.
             Slain by a ten-headed hydra (14 damage)
             ... on level 15 of the Dungeon.
             The game lasted 00:28:49 (5122 turns).

4thArraOfDagon the Severer (Demonspawn Berserker)   Turns: 5122, Time: 00:28:49

Health: 0/127      AC: 14    Str: 23    XL:     13   Next: 12%
Magic:  4/4        EV: 14    Int: 13    God:    Trog [****..]
Gold:   625        SH:  2    Dex: 13    Spells: 12/12 levels left

rFire    . . .     SeeInvis .   R - +7 executioner's axe (antimagic)
rCold    . . .     Gourm    .   (shield currently unavailable)
rNeg     . . .     Faith    .   C - +0 troll leather armour
rPois    +         Spirit   .   (helmet restricted)
rElec    .         Reflect  +   E - +0 cloak
rCorr    .         Harm     .   m - +0 pair of gloves
MR       .....                  (boots unavailable)
Stlth    ..........             w - +2 amulet of reflection
HPRegen  0.71/turn              g - +4 ring of protection
MPRegen  0.09/turn              n - ring of stealth

@: berserking, very quick
A: hooves 3, horns 2, rugged brown scales 2, frail 1, poison resistance, powered
by death 3, shaggy fur 1, evolution 1
a: Berserk, Trog's Hand, Brothers in Arms, Burn Spellbooks, Renounce Religion


You were on level 15 of the Dungeon.
You worshipped Trog.
Trog was greatly pleased with you.
You were not hungry.

You visited 1 branch of the dungeon, and saw 15 of its levels.

You collected 625 gold pieces.

Inventory:

Hand Weapons
 z - a +1 war axe of chopping
 I - a +2 hand axe of electrocution
 P - a +1 battleaxe of chopping
 R - a +7 antimagic executioner's axe (weapon)
Armour
 b - a +0 animal skin
 e - a +0 plate armour
 m - a +0 pair of gloves (worn)
 o - a +2 buckler
 t - a +0 robe of resistance
 u - a +0 ring mail
 v - a +0 chain mail
 y - a +0 helmet
 C - a +0 troll leather armour (worn)
 E - a +0 cloak (worn)
 G - a +3 ring mail
Magical Staves
 O - an uncursed staff of earth
Jewellery
 g - a +4 ring of protection (left hand)
 j - an uncursed ring of fire
 n - a ring of stealth (right hand)
 w - a +2 amulet of reflection (around neck)
Wands
 d - a wand of disintegration (9/24)
 i - a wand of polymorph (0/24)
 F - a wand of iceblast (3/15)
 Q - a wand of flame (20/48)
Scrolls
 h - 7 scrolls of remove curse
 l - 2 scrolls of noise {unknown}
 p - 3 scrolls of magic mapping
 q - 2 scrolls of teleportation
 r - 3 scrolls of amnesia
 s - a scroll of blinking {unknown}
 A - 2 scrolls of fear {unknown}
 B - a scroll of enchant armour {unknown}
 K - 3 scrolls of immolation {unknown}
 S - a scroll of summoning {unknown}
Potions
 a - 2 potions of berserk rage
 f - a potion of heal wounds
 k - 6 potions of curing
 D - 2 potions of lignification {unknown}
 H - a potion of might
 L - a potion of brilliance
 M - 3 potions of haste
 T - a potion of flight {unknown}
Books
 J - a book of Cantrips

   Spells                             Type                      Level
   a - Confusing Touch                Hexes                        1
   b - Animate Skeleton               Necromancy                   1
   c - Summon Small Mammal            Summoning                    1
   d - Apportation                    Translocation                1
   Trog disapproves of the use of such an item.
Miscellaneous
 N - a phial of floods
Comestibles
 c - 4 bread rations
 x - a meat ration


   Skills:
 + Level 4.9 Fighting
 * Level 17.8 Axes
 + Level 5.4 Armour
 + Level 5.4 Dodging


You had 12 spell levels left.
You didn't know any spells.

Dungeon Overview and Level Annotations

Branches:
Dungeon (15/15)            Temple (0/1) D:7          Vaults (0/5) D:13
   Lair: D:8-11         Orc: D:9-12      Depths: D:15

Altars:
Cheibriados
Nemelex Xobeh
Trog
Uskayaw
Vehumet


Innate Abilities, Weirdness & Mutations

You have hooves in place of feet.
You are mostly covered in rugged brown scales. (AC +2, +5% HP)
You regenerate a lot of health from kills.
You have a pair of horns on your head.
You are frail. (-10% HP)
Your system is resistant to poisons. (rPois)
You are covered in fur. (AC +1)
You evolve.


Message History

Unknown command.
Unknown command.
You hack one of the nine-headed hydra's heads off!
The eight-headed hydra grows two more!
You slash the ten-headed hydra! You kick the ten-headed hydra.
The ten-headed hydra is severely wounded.
You barely miss the centaur warrior.
The centaur shoots an arrow.
The arrow hits your ogre but does no damage.
The ten-headed hydra bites you!
The ten-headed hydra bites you but does no damage.
The ten-headed hydra bites you.
* * * LOW HITPOINT WARNING * * *
The ten-headed hydra bites you.
* * * LOW HITPOINT WARNING * * *
The ten-headed hydra barely misses you. The ten-headed hydra bites you.
* * * LOW HITPOINT WARNING * * *
The ten-headed hydra bites you!
* * * LOW HITPOINT WARNING * * *
The ten-headed hydra bites you!
You die...

##...y.....#.....#
###....###......##
#.###.#.##.....######
#.# #)###..........#
## .. #.#
#.).......####.# ..
#. #.# #(####...##
#.# ⌠.#.##.#
#(#####..## #.#
.#.#..# #c##c.....#
#§# ###..#.##
#..OD@...## #.#
≈....#.#
#.......######.#
≈....#.## #.......#
#....# #...(.#
#...÷...###.####
...#..#.#
#.......##..# .
#.##.# #..<....##.##
#. #.# #.......##.#
.( #.#############.#
... #.#.. ...# #.#


You could see a ten-headed hydra, a centaur warrior, a centaur and a friendly
ogre (berserk).

Vanquished Creatures
  Nessos (D:13)
  A rakshasa (D:15)
  A centaur warrior (D:15)
  4 two-headed ogres
  Urug (D:13)
  The ghost of tidbits the Ruffian, a novice DrNe of Cheibriados (D:10)
  2 unseen horrors
  A wolf spider zombie (D:13)
  An oklob plant (D:13)
  7 ugly things
  3 cyclopes
  Maurice (D:9)
  A gargoyle (D:11)
  A freezing wraith (D:14)
  2 trolls
  A hornet (D:9)
  4 slime creatures (D:14)
  3 hippogriffs
  A shadow (D:15)
  A wraith (D:12)
  15 yaks
  2 wyverns (D:12)
  A basilisk (D:14)
  16 humans (D:13)
  2 hungry ghosts
  Menkaure (D:5)
  2 vampire mosquitoes (D:12)
  A water moccasin (D:11)
  Duvessa (D:4)
  6 orc warriors
  A sky beast (D:12)
  4 ogres (D:8)
  2 ice beasts (D:9)
  4 wolves
  2 phantoms
  2 centaurs
  5 big kobolds
  6 bullfrogs
  A wyvern zombie (D:12)
  A gnoll sergeant (D:9)
  3 scorpions
  A wyvern skeleton (D:11)
  Dowan (D:4)
  16 killer bees
  10 wights
  2 electric eels (D:10)
  6 howler monkeys
  4 jellies
  2 crimson imps
  A gnoll shaman (D:4)
  2 quasits
  2 bullfrog zombies
  3 centaur zombies
  5 hounds
  6 centaur skeletons
  8 orc priests
  4 bullfrog skeletons
  7 iguanas
  6 worker ants
  5 orc wizards
  A worker ant zombie (D:7)
  5 gnolls
  8 adders
  2 shadow imps
  2 oozes
  An adder zombie (D:6)
  A worm (D:9)
  A dart slug (D:1)
  3 leopard geckos
  21 orcs
  3 giant cockroaches
  A goblin (D:1)
  A hobgoblin (D:3)
  21 kobolds
  2 quokkas
  3 bats
  3 frilled lizards
  A leopard gecko skeleton (D:7)
  A quokka skeleton (D:5)
  2 rats (D:1)
  2 fungi (D:5)
  A plant (D:13)
293 creatures vanquished.

Vanquished Creatures (collateral kills)
  A hydra (D:15)
  An ugly thing (D:15)
2 creatures vanquished.

Vanquished Creatures (others)
  An orc knight (D:13)
  A gnoll (D:10)
2 creatures vanquished.

Grand Total: 297 creatures vanquished

Notes
Turn   | Place    | Note
-------+----------+-------------------------------------------
     0 | D:1      | 4thArraOfDagon the Demonspawn Berserker began the quest for the Orb.
     0 | D:1      | Reached XP level 1. HP: 18/18 MP: 1/1
    73 | D:2      | Reached skill level 3 in Axes
    73 | D:2      | Gained mutation: You are partially covered in rugged brown scales. (AC +1, +3% HP) [demonic ancestry]
    73 | D:2      | Reached XP level 2. HP: 24/24 MP: 2/2
   354 | D:3      | Gained mutation: You regenerate a little health from kills. [demonic ancestry]
   354 | D:3      | Reached XP level 3. HP: 29/29 MP: 3/3
   418 | D:3      | Found a sparkling altar of Nemelex Xobeh.
   425 | D:3      | Found a hide-covered altar of Uskayaw.
   513 | D:4      | Reached XP level 4. HP: 36/36 MP: 4/4
   520 | D:4      | Reached ** piety under Trog
   552 | D:4      | Noticed Duvessa
   559 | D:4      | Noticed Dowan
   562 | D:4      | Killed Duvessa
   562 | D:4      | Reached skill level 4 in Axes
   562 | D:4      | Reached XP level 5. HP: 42/42 MP: 5/5
   569 | D:4      | Killed Dowan
   712 | D:4      | Gained mutation: You have large cloven feet. [demonic ancestry]
   712 | D:4      | Reached XP level 6. HP: 20/48 MP: 6/6
   751 | D:4      | Reached skill level 5 in Axes
   876 | D:5      | Entered Level 5 of the Dungeon
   893 | D:5      | Noticed Menkaure
   915 | D:5      | Killed Menkaure
   915 | D:5      | Reached XP level 7. HP: 53/53 MP: 7/7
  1116 | D:5      | Reached skill level 6 in Axes
  1428 | D:7      | Found a radiant altar of Vehumet.
  1547 | D:6      | Reached skill level 7 in Axes
  1547 | D:6      | Reached XP level 8. HP: 55/59 MP: 8/8
  1613 | D:7      | Found a staircase to the Ecumenical Temple.
  1742 | D:8      | Reached *** piety under Trog
  1772 | D:8      | Reached skill level 8 in Axes
  1864 | D:8      | Noticed a troll
  1874 | D:8      | Killed a troll
  1874 | D:8      | Reached skill level 9 in Axes
  1905 | D:8      | Thaneod: ooo
  1943 | D:8      | Gained mutation: You regenerate health from kills. [demonic ancestry]
  1943 | D:8      | Reached XP level 9. HP: 64/64 MP: 9/9
  1947 | D:8      | Thaneod: zycie za potworki
  1967 | D:9      | Noticed Maurice
  1967 | D:9      | Noticed a two-headed ogre
  1967 | D:9      | 4thArraOfDagon: aa tam
  1974 | D:9      | Killed a two-headed ogre
  1974 | D:9      | Reached skill level 10 in Axes
  2026 | D:9      | Killed Maurice
  2026 | D:9      | Reached skill level 11 in Axes
  2193 | D:9      | Found a bloodstained altar of Trog.
  2222 | D:9      | Paralysed by a hornet for 2 turns
  2298 | D:9      | Reached skill level 12 in Axes
  2300 | D:9      | Gained mutation: You regenerate a lot of health from kills. [demonic ancestry]
  2300 | D:9      | Reached XP level 10. HP: 72/72 MP: 10/10
  2427 | D:7      | 4thArraOfDagon: halberd of disto xd
  2513 | D:8      | Thaneod: zalozysz?
  2660 | D:10     | Entered Level 10 of the Dungeon
  2665 | D:10     | Reached skill level 13 in Axes
  2713 | D:10     | Found a snail-covered altar of Cheibriados.
  2720 | D:10     | Reached **** piety under Trog
  2879 | D:10     | Killed an unseen horror
  2944 | D:10     | Noticed tidbits's ghost (novice DrNe)
  2951 | D:10     | 4thArraOfDagon: patrz
  2951 | D:10     | 4thArraOfDagon: patrzysz?
  2951 | D:10     | 4thArraOfDagon: pokaze ci trik
  2951 | D:10     | Thaneod: no
  2951 | D:10     | 4thArraOfDagon: see
  2966 | D:10     | Killed tidbits's ghost
  2966 | D:10     | Reached skill level 14 in Axes
  2977 | D:10     | Rhok: haha
  2983 | D:10     | Thaneod: that was me:>?
  2999 | D:10     | Rhok: that was tidbits
  2999 | D:10     | 4thArraOfDagon: :)
  3008 | D:10     | Thaneod: ok
  3057 | D:10     | Thaneod: when monster is under flame
  3082 | D:10     | Thaneod: have sone nasty bonunses?
  3087 | D:10     | Rhok: thats a typical trog tactic
  3091 | D:10     | Thaneod: like confuse or sth
  3100 | D:10     | Gained mutation: You have hoof-like feet. [demonic ancestry]
  3100 | D:10     | Reached XP level 11. HP: 77/77 MP: 11/11
  3113 | D:10     | Rhok: you throw the book and then you a d it when monster steps
  3132 | D:10     | Rhok: its flames
  3171 | D:10     | Thaneod: so i can throw a book
  3179 | D:10     | Rhok: ye
  3184 | D:10     | Thaneod: flame it and run away:)
  3201 | D:10     | Rhok: well
  3209 | D:10     | Thaneod: in case of danger
  3214 | D:10     | Rhok: ahh
  3219 | D:10     | Rhok: yeah, sure
  3366 | D:11     | Reached ***** piety under Trog
  3455 | D:11     | Thaneod: multiple books in a place = multiple damage?
  3662 | D:11     | Reached skill level 15 in Axes
  3711 | D:11     | Rhok: good question, idk
  3752 | D:11     | Noticed a white ugly thing
  3768 | D:11     | Rhok: i think not
  3773 | D:11     | Killed a white ugly thing
  3779 | D:11     | Gained mutation: You are agile. (Dex +2) [mutagenic meat]
  3817 | D:12     | Noticed a white ugly thing
  3822 | D:12     | Killed a white ugly thing
  3846 | D:11     | Rhok: ??burn spellbook
  3851 | D:11     | beem: burn books[1/3]: Trog invocation that gives piety (2) and creates a cloud of flame. Each book in LOS extends the duration of the clouds. Won't burn manuals.
  3875 | D:12     | Gained mutation: You are covered in fur. (AC +1) [mutagenic meat]
  3876 | D:12     | Gained mutation: Scrolls take you a little longer to read. [mutagenic meat]
  3877 | D:12     | Gained mutation: Your mind is acute. (Int +2) [mutagenic meat]
  3878 | D:12     | Gained mutation: Your flesh is cold resistant. (rC+) [mutagenic meat]
  3879 | D:12     | Gained mutation: You have a pair of small horns on your head. [mutagenic meat]
  3880 | D:12     | Lost mutation: Scrolls take you a little longer to read. [mutagenic meat]
  3893 | D:12     | Rhok: duration
  4204 | D:12     | Noticed a two-headed ogre
  4209 | D:12     | Killed a two-headed ogre
  4298 | D:13     | Found a gate to the Vaults.
  4298 | D:13     | Noticed Urug
  4298 | D:13     | Noticed an orc knight
  4298 | D:13     | Noticed Nessos
  4298 | D:13     | Noticed a two-headed ogre
  4303 | D:13     | Reached skill level 16 in Axes
  4307 | D:13     | Killed a two-headed ogre
  4308 | D:13     | Gained mutation: You are mostly covered in rugged brown scales. (AC +2, +5% HP) [demonic ancestry]
  4308 | D:13     | Reached XP level 12. HP: 85/85 MP: 12/12
  4311 | D:13     | Received a gift from Trog
  4316 | D:13     | Killed Urug
  4321 | D:13     | Killed Nessos
  4426 | D:13     | Reached skill level 17 in Axes
  4473 | D:13     | Found a radiant altar of Vehumet.
  4659 | D:14     | Found a snail-covered altar of Cheibriados.
  4664 | D:14     | Noticed a two-headed ogre
  4670 | D:14     | Killed a two-headed ogre
  4701 | D:14     | Noticed a two-headed ogre
  4749 | D:14     | Reached skill level 5 in Dodging
  4752 | D:14     | Reached skill level 5 in Armour
  4774 | D:14     | Gained mutation: Armour fits poorly on your strangely shaped body. [mutagenic meat]
  4775 | D:14     | Gained mutation: You are resistant to hostile enchantments. (MR+) [mutagenic meat]
  4778 | D:14     | Gained mutation: You are frail. (-10% HP) [mutagenic meat]
  4779 | D:14     | Gained mutation: You are weak. (Str -2) [mutagenic meat]
  4782 | D:14     | Lost mutation: You have a pair of small horns on your head. [mutagenic meat]
  4783 | D:14     | Lost mutation: Your mind is acute. (Int +2) [potion of mutation]
  4783 | D:14     | Lost mutation: Armour fits poorly on your strangely shaped body. [potion of mutation]
  4783 | D:14     | Gained mutation: Your system is resistant to poisons. (rPois) [potion of mutation]
  4784 | D:14     | Lost mutation: You are resistant to hostile enchantments. (MR+) [potion of mutation]
  4784 | D:14     | Lost mutation: You are agile. (Dex +2) [potion of mutation]
  4784 | D:14     | Lost mutation: Your flesh is cold resistant. (rC+) [potion of mutation]
  4784 | D:14     | Lost mutation: You are weak. (Str -2) [potion of mutation]
  4784 | D:14     | Gained mutation: You evolve. [potion of mutation]
  4784 | D:14     | Gained mutation: You have a pair of small horns on your head. [potion of mutation]
  4877 | D:15     | Entered Level 15 of the Dungeon
  4894 | D:15     | Noticed a five-headed hydra
  4912 | D:15     | Killed a five-headed hydra
  4934 | D:15     | Gained mutation: You have hooves in place of feet. [demonic ancestry]
  4934 | D:15     | Reached XP level 13. HP: 85/85 MP: 4/13
  4945 | D:15     | Gained mutation: You have a pair of horns on your head. [evolution]
  5122 | D:15     | Slain by a ten-headed hydra

Vault maps used:
D:1:      minmay_arrival_four_loops, minmay_tripent
D:2:      xom_teletrap_fun, uniq_terence
D:3:      minmay_overflow_temple_star_hex, uniq_ijyb
D:4:      first_bread, kennysheep_generic_room_16, uniq_duvessa
D:5:      minmay_gold_behind_fungi, uniq_menkaure
D:6:      kennysheep_boxes, uniq_eustachio
D:7:      overflow_temple_1_default, temple_hall
D:8:      kennysheep_mini_moat, erik_lair_island, uniq_pikel
D:9:      old_standard_altar, hangedman_pestilent_swarm,
          trog_three_pillars_becter, uniq_maurice
D:10:     basic_altar, dpeg_stationary_puzzle
D:11:     david_orc_4
D:13:     david_vaults_3, lemuel_oklob_altar
D:14:     cheibriados_altar_1
D:15:     grunt_enter_depths_giant_problem, fountainhead, minmay_checkerbox

Skill      XL: |  1  2  3  4  5  6  7  8  9 10 11 12 |
---------------+-------------------------------------+-----
Axes           | 3 4 5 7 9 12 14 16 17 | 17.8
Dodging        | 2 3 4 5 |  5.4
Armour         | 2 3 4 5 |  5.4
Fighting       | 4 |  4.9

Action                   |  1- 3 |  4- 6 |  7- 9 | 10-12 | 13-15 || total
-------------------------+-------+-------+-------+-------+-------++-------
Melee: Hand axe          |    49 |    91 |   338 |   428 |       ||   906
       Kick              |       |    12 |   110 |   132 |     8 ||   262
       Unarmed           |       |       |    18 |       |       ||    18
       Headbutt          |       |       |       |    37 |     3 ||    40
       Executioner's axe |       |       |       |   100 |    22 ||   122
Invok: Berserk           |     2 |     3 |     8 |    19 |     2 ||    34
       Trog's Hand       |       |       |     5 |     7 |     1 ||    13
       Burn Spellbooks   |       |       |       |     1 |       ||     1
       Brothers in Arms  |       |       |       |     1 |     2 ||     3
Evoke: Wand              |       |       |       |     4 |       ||     4
  Use: Scroll            |       |       |     8 |    11 |       ||    19
       Potion            |       |       |       |     3 |       ||     3
 Stab: Sleeping          |     1 |       |       |     1 |       ||     2
  Eat: Chunk             |       |     4 |    12 |    45 |     1 ||    62
       Fruit             |       |       |     2 |     1 |       ||     3
       Royal jelly       |       |       |       |     2 |       ||     2
       Meat ration       |       |       |       |       |     1 ||     1
Armor: Animal skin       |    15 |     4 |       |       |       ||    19
       Chain mail        |       |    29 |    81 |       |       ||   110
       Robe              |       |     1 |       |       |       ||     1
       Plate armour      |       |       |   116 |       |       ||   116
       Troll leather arm |       |       |    73 |   169 |    10 ||   252
       Skin              |       |       |     3 |       |       ||     3
Dodge: Dodged            |    42 |    35 |   197 |   282 |    35 ||   591
Block: Other             |       |       |       |       |     3 ||     3
       Reflection        |       |       |       |       |     1 ||     1

Table legend:
 A = Spawn XP
 B = Non-spawn XP
 C = Spawn XP percentage of total XP
 D = Spawn monster count
 E = Non-spawn monster count
 F = Spawn count percentage of total count
 G = Total turns spent on level
                    A         B        C        D         E        F      G
               +---------+---------+-------+---------+---------+-------+---------
         Total |       0 |   41220 |   0.0 |       0 |     293 |   0.0 |  5122
               +---------+---------+-------+---------+---------+-------+---------
           D:1 |       0 |      18 |   0.0 |       0 |       7 |   0.0 |   159
           D:2 |       0 |      16 |   0.0 |       0 |       3 |   0.0 |   117
           D:3 |       0 |      11 |   0.0 |       0 |       6 |   0.0 |   197
           D:4 |       0 |     525 |   0.0 |       0 |      13 |   0.0 |   403
           D:5 |       0 |     471 |   0.0 |       0 |       9 |   0.0 |   376
           D:6 |       0 |     265 |   0.0 |       0 |       8 |   0.0 |   246
           D:7 |       0 |     411 |   0.0 |       0 |      13 |   0.0 |   345
           D:8 |       0 |    1557 |   0.0 |       0 |      18 |   0.0 |   286
           D:9 |       0 |    4135 |   0.0 |       0 |      29 |   0.0 |   531
          D:10 |       0 |    4228 |   0.0 |       0 |      47 |   0.0 |   619
          D:11 |       0 |    3675 |   0.0 |       0 |      48 |   0.0 |   567
          D:12 |       0 |    3937 |   0.0 |       0 |      21 |   0.0 |   452
          D:13 |       0 |    9041 |   0.0 |       0 |      33 |   0.0 |   270
          D:14 |       0 |    8919 |   0.0 |       0 |      27 |   0.0 |   309
          D:15 |       0 |    4011 |   0.0 |       0 |      11 |   0.0 |   245
               +---------+---------+-------+---------+---------+-------+---------
